 Dungeon Crawl Stone Soup version 0.23-a0-516-g0f8c245 (webtiles) character file.

3598 tilp the Frost Mage (level 10, -1/76 HPs)
             Began as a Merfolk Ice Elementalist on Dec 5, 2018.
             Was an Initiate of Makhleb.
             Slain by a wolf (8 damage)
             ... led by Grum
             ... on level 8 of the Dungeon.
             The game lasted 00:27:22 (9254 turns).

tilp the Frost Mage (Merfolk Ice Elementalist)      Turns: 9254, Time: 00:27:23

Health: -1/76      AC:  9    Str:  8    XL:     10   Next: 10%
Magic:  9/19       EV: 17    Int: 19    God:    Makhleb [......]
Gold:   283        SH:  0    Dex: 19    Spells: 7/21 levels left

rFire    . . .     SeeInvis .   a - +1 scimitar (elec)
rCold    . . .     Gourm    .   (no shield)
rNeg     . . .     Faith    .   H - +2 robe {Archmagi}
rPois    .         Spirit   .   u - +2 helmet
rElec    .         Reflect  .   d - +0 cloak
rCorr    .         Harm     .   (no gloves)
MR       .....                  y - +0 pair of boots
Stlth    +++.......             (no amulet)
HPRegen  0.22/turn              k - +2 ring of slaying
MPRegen  0.16/turn              p - +5 ring of dexterity

@: very slightly contaminated
A: change form in water, swift swim, stealthy swim
a: Renounce Religion


You were on level 8 of the Dungeon.
You worshipped Makhleb.
Makhleb was noncommittal.
You were very hungry.

You visited 2 branches of the dungeon, and saw 9 of its levels.
You also visited: Ossuary.

You collected 471 gold pieces.
You spent 188 gold pieces at shops.

Inventory:

Hand Weapons
 a - a +1 scimitar of electrocution (weapon)
 b - a +1 hunting sling of velocity
 q - a +0 blowgun
 v - a +0 trident of flaming
Missiles
 e - 62 bolts
 f - 4 needles of confusion
 i - 15 tomahawks (quivered)
 z - 10 poisoned needles
 F - 58 sling bullets
 P - 7 needles of sleeping
 X - 8 javelins
Armour
 d - a +0 cloak (worn)
 u - a +2 helmet (worn)
 x - a +2 hat
 y - a +0 pair of boots (worn)
 G - a +2 robe of magic resistance
 H - a +2 robe of the Archmagi (worn)
 L - a cursed +0 robe
Jewellery
 k - a +2 ring of slaying (left hand)
 p - a +5 ring of dexterity (right hand)
Wands
 n - a wand of enslavement (10)
 N - a wand of paralysis (22)
 O - a wand of random effects (12)
 Y - a wand of digging (4)
Scrolls
 m - a scroll of fog
 o - 5 scrolls of remove curse
 s - a scroll of immolation {unknown}
 E - a scroll of fear
 K - a scroll of random uselessness {unknown}
 M - a scroll of torment {unknown}
 Q - a scroll of enchant weapon
 R - a scroll of amnesia
 T - a scroll of magic mapping
 V - a scroll of holy word {unknown}
 W - a scroll of teleportation
Potions
 g - a potion of magic
 j - a potion of berserk rage
 r - 3 potions of curing
 t - 3 potions of brilliance
 A - 2 potions of flight
 B - a potion of haste {unknown}
 C - a potion of might {unknown}
 I - a potion of agility
 J - a potion of lignification {unknown}
 S - 3 potions of invisibility {unknown}
 U - a potion of cancellation {unknown}
Comestibles
 c - 17 rations


   Skills:
 - Level 6.0 Fighting
 - Level 6.0 Dodging
 - Level 4.0 Stealth
 - Level 6.1 Spellcasting
 - Level 2.3 Conjurations
 - Level 4.1 Charms
 - Level 10.0 Ice Magic
 + Level 1.4 Invocations
 + Level 1.2 Evocations


You had 7 spell levels left.
You knew the following spells:

 Your Spells              Type           Power        Failure   Level  Hunger
a - Freeze                Ice            ####         1%          1    None
b - Throw Frost           Conj/Ice       #####.       1%          2    None
c - Ozocubu's Armour      Chrm/Ice       #####...     1%          3    ##.....
d - Throw Icicle          Conj/Ice       #####...     9%          4    ####...
e - Summon Ice Beast      Ice/Summ       #####...     14%         4    ####...

Your spell library contained the following spells:

 Spells                   Type           Power        Failure   Level  Hunger


Dungeon Overview and Level Annotations

Branches:
Dungeon (8/15)             Temple (1/1) D:4            Lair (0/6) D:8

Altars:
Ashenzari
Cheibriados
Dithmenos
Elyvilon
Fedhas
Gozag
Hepliaklqana
Kikubaaqudgha
Makhleb
Nemelex Xobeh
Okawaru
Qazlal
Ru
Sif Muna
Trog
Uskayaw
Vehumet
Wu Jian
Xom
Yredelemnul
Zin
The Shining One

Shops:
D:4 *   D:5 ?   D:7 *

Annotations:
D:2 Sigmund
D:8 Grum


Message History

You feel a surge of power! A film of ice covers your body!
The wolf barely misses you. The wolf misses you.
You barely miss the wolf.
The wolf is severely wounded.
The wolf bites you.
* * * LOW HITPOINT WARNING * * *
The wolf misses you.
You riposte.
You miss the wolf.
The wolf is severely wounded.
Grum sniffs the air and quickly glances around.
Grum hits you but does no damage.
Your icy armour cracks and falls away as you move.
The wolf misses you. The wolf closely misses you.
The wolf bites you but does no damage.
You feel better. The wolf misses you.
You riposte.
You miss the wolf.
The wolf is severely wounded.
Grum hits you from afar with a -1 spear!
* * * LOW HITPOINT WARNING * * *
The wolf bites you!
You die...

#.#....# #######...#
#.#..##### #..#...≈...#..#
#.#......###....#...#....#
#.##...........##..P##...#
#.##.###.###.#..P.P....#.#
#........###.#≈.PP>PP.≈#.#
#.##.##..##..#..PPPP...#.##
#.##.##.g#....?##PPP##.[..#
##........h@.....#...#.....#
..........###..#...≈...#...#
##.##.##..# #...#######.....
#........####### #......
####............ ###.#..
#####.#.#### #.#.. #.#.#
#.#####.#<. #.#.#
#.......... #.#.#
######..##.


You could see Grum and a wolf.

Vanquished Creatures
  Pikel (D:5)
  Menkaure (D:6)
  A sky beast (D:6)
  2 orc warriors
  A slave (D:5)
  2 ice beasts
  Duvessa (D:5)
  A phantom (D:8)
  An ogre (D:6)
  6 centaurs
  2 wolves (D:8)
  A big kobold (D:4)
  Blork the orc (D:5)
  A bullfrog (D:6)
  5 water moccasin zombies (Ossuary)
  Dowan (D:5)
  A wyvern skeleton (D:6)
  2 scorpions
  2 crimson imps
  A centaur zombie (D:5)
  A hound (D:6)
  2 jellies
  2 bullfrog skeletons (D:4)
  3 orc priests
  3 iguanas
  4 orc wizards
  5 worker ants
  A killer bee zombie (D:5)
  3 big kobold zombies (Ossuary)
  A hound zombie (D:5)
  2 mummies (Ossuary)
  A worker ant zombie (D:7)
  Robin (D:2)
  6 adders
  2 shadow imps (D:5)
  An ooze (D:1)
  5 adder zombies (Ossuary)
  2 adder skeletons
  4 worms
  A dart slug (D:2)
  6 leopard geckos
  15 orcs
  4 giant cockroaches
  4 gnoll zombies (Ossuary)
  17 goblins
  6 hobgoblins
  2 jackals (D:6)
  5 kobolds
  2 quokkas
  2 bats
  6 frilled lizards
  5 hobgoblin zombies (Ossuary)
  6 kobold zombies (Ossuary)
  A leopard gecko skeleton (D:5)
  A leopard gecko zombie (D:5)
  4 orc zombies (Ossuary)
  A quokka zombie (D:7)
  7 rats
  A rat zombie (D:7)
179 creatures vanquished.

Notes
Turn   | Place    | Note
-------+----------+-------------------------------------------
     0 | D:1      | tilp the Merfolk Ice Elementalist began the quest for the
                  | Orb.
     0 | D:1      | Reached XP level 1. HP: 13/13 MP: 3/3
   165 | D:1      | Reached XP level 2. HP: 19/19 MP: 1/5
   169 | D:1      | Learned a level 2 spell: Throw Frost
   192 | D:1      | Reached skill level 4 in Ice Magic
   564 | D:2      | Noticed Sigmund
   577 | D:2      | Reached XP level 3. HP: 10/24 MP: 0/6
   938 | D:2      | Reached skill level 5 in Ice Magic
   949 | D:2      | Noticed Robin
   957 | D:2      | HP: 1/24 [goblin/stone[Robin] (1)]
  1747 | D:2      | Reached XP level 4. HP: 18/30 MP: 3/7
  1881 | D:2      | Killed Robin
  2645 | D:3      | Learned a level 3 spell: Ozocubu's Armour
  2978 | D:3      | HP: 1/30 [something/puff of flame (7)]
  3005 | D:3      | Reached skill level 6 in Ice Magic
  3005 | D:3      | Reached XP level 5. HP: 18/35 MP: 8/8
  3194 | D:3      | Found a sparkling altar of Nemelex Xobeh.
  3490 | D:4      | Reached skill level 7 in Ice Magic
  3532 | D:4      | Found a staircase to the Ecumenical Temple.
  3565 | Temple   | Entered the Ecumenical Temple
  3820 | D:4      | You fall through a shaft!
  3820 | D:5      | Entered Level 5 of the Dungeon
  3821 | D:5      | Noticed Blork the orc
  3827 | D:5      | Killed Blork the orc
  3827 | D:5      | Reached XP level 6. HP: 10/41 MP: 2/9
  4090 | D:5      | Noticed Dowan
  4091 | D:5      | Noticed Duvessa
  4273 | D:5      | Killed Duvessa
  4273 | D:5      | Reached skill level 8 in Ice Magic
  4292 | D:5      | Killed Dowan
  4292 | D:5      | Reached skill level 1 in Fighting
  4292 | D:5      | Reached XP level 7. HP: 22/48 MP: 3/10
  4926 | D:4      | Reached skill level 5 in Dodging
  5008 | D:4      | Found Cemiude's General Store.
  5202 | D:4      | Reached XP level 8. HP: 52/60 MP: 11/11
  5537 | D:5      | Reached skill level 1 in Conjurations
  5559 | D:5      | Reached skill level 1 in Charms
  5634 | D:5      | Noticed Pikel
  5653 | D:5      | Killed Pikel
  5993 | D:5      | Found Roluf's Magic Scroll Emporium.
  6010 | D:5      | Bought a scroll of noise for 14 gold pieces
  6010 | D:5      | Bought a scroll of enchant weapon for 105 gold pieces
  6010 | D:5      | Bought a scroll of magic mapping for 49 gold pieces
  6176 | D:4      | Bought a scroll of identify for 20 gold pieces
  6212 | D:6      | Found a snail-covered altar of Cheibriados.
  6295 | D:6      | Noticed Menkaure
  6307 | D:6      | HP: 1/60 [orc warrior/+0 long sword (14)]
  6341 | D:6      | Reached XP level 9. HP: 14/65 MP: 10/14
  6831 | D:6      | Killed Menkaure
  6873 | D:6      | Reached skill level 5 in Spellcasting
  7175 | D:6      | Learned a level 4 spell: Throw Icicle
  7180 | D:6      | Learned a level 4 spell: Summon Ice Beast
  7230 | D:7      | Found a sand-covered staircase.
  7253 | Ossuary  | Entered an ossuary
  7395 | Ossuary  | Reached skill level 5 in Fighting
  7631 | D:7      | Found Simyhaorr's General Store.
  7743 | D:7      | Reached skill level 9 in Ice Magic
  8254 | D:7      | Found a burning altar of Makhleb.
  8254 | D:7      | Found an opulent altar of Gozag.
  8255 | D:7      | Found an iron altar of Okawaru.
  8261 | D:7      | Became a worshipper of Makhleb the Destroyer
  8712 | D:8      | Found a staircase to the Lair.
  8866 | D:8      | Reached XP level 10. HP: 67/76 MP: 15/19
  9195 | D:8      | Noticed Grum
  9203 | D:8      | Reached skill level 10 in Ice Magic
  9214 | D:8      | Reached skill level 1 in Invocations
  9219 | D:8      | Reached skill level 1 in Evocations
  9254 | D:8      | Slain by a wolf

Vault maps used:
D:1:      lemuel_arrival_muddy
D:2:      uniq_sigmund, uniq_robin
D:3:      nemelex_xobeh_ov_fountains_minmay, guppyfry_early_lair_pool
D:4:      minmay_temple_entry_sparse_star, serial_shops, shop
D:5:      serial_shops, shop, first_ration, uniq_blork_the_orc, uniq_duvessa,
          uniq_pikel
D:6:      cheibrodos_worm_habitat, uniq_menkaure
D:7:      gammafunk_temple_overflow_claw, enter_ossuary_4, serial_shops, shop
D:8:      dpeg_oklobed_lair, uniq_grum, uniq_joseph, uniq_psyche
Temple:   dpeg_five_rooms_temple
Ossuary:  ossuary_tomb_2

Skill      XL: |  1  2  3  4  5  6  7  8  9 10 |
---------------+-------------------------------+-----
Ice Magic      | 4 5 6 7 8 9 10 | 10.0
Fighting       | 1 4 6 |  6.0
Dodging        | 3 5 6 |  6.0
Conjurations   | 2 |  2.3
Charms         | 3 4 |  4.1
Stealth        | 4 |  4.0
Spellcasting   | 3 6 |  6.1
Invocations    | 1 |  1.4
Evocations     | 1 |  1.2

Action                   |  1- 3 |  4- 6 |  7- 9 | 10-12 || total
-------------------------+-------+-------+-------+-------++-------
Melee: Unarmed           |     1 |       |       |       ||     1
       Short sword       |     4 |       |       |       ||     4
       Whip              |    22 |    48 |       |       ||    70
       Dagger            |       |    69 |    19 |       ||    88
       Scimitar          |       |       |   245 |    15 ||   260
 Cast: Freeze            |    49 |    51 |    43 |     5 ||   148
       Throw Frost       |     1 |       |     5 |     3 ||     9
       Ozocubu's Armour  |       |     2 |     4 |     3 ||     9
  Use: Potion            |       |     2 |     2 |     2 ||     6
       Scroll            |       |     7 |    11 |     1 ||    19
 Stab: Sleeping          |     2 |     4 |    16 |       ||    22
       Distracted        |       |     1 |     1 |       ||     2
  Eat: Chunk             |     3 |     6 |    13 |       ||    22
       Ration            |       |     1 |     1 |       ||     2
Armor: Robe              |    13 |    29 |    92 |    19 ||   153
       Leather armour    |       |    27 |       |       ||    27
Dodge: Dodged            |    44 |    88 |   258 |    50 ||   440
       Rpst.: Scimitar   |       |       |    81 |    13 ||    94

Table legend:
 A = Non-vault XP
 B = Vault XP
 C = Vault XP percentage of total XP
 D = Non-vault monster count
 E = Vault monster count
 F = Vault count percentage of total count
                 A         B        C        D         E       F
            +---------+---------+-------+---------+---------+-------
      Total |    3221 |    1920 |  37.3 |     122 |      56 |  31.5
            +---------+---------+-------+---------+---------+-------
        D:1 |      36 |       6 |  14.3 |      19 |       3 |  13.6
        D:2 |      56 |      31 |  35.6 |      15 |       9 |  37.5
        D:3 |      57 |       0 |   0.0 |      12 |       0 |   0.0
        D:4 |     641 |       0 |   0.0 |      17 |       0 |   0.0
        D:5 |     540 |     900 |  62.5 |      21 |       4 |  16.0
        D:6 |     723 |     188 |  20.6 |      15 |       2 |  11.8
        D:7 |     770 |       2 |   0.3 |      17 |       2 |  10.5
        D:8 |     398 |     226 |  36.2 |       6 |       2 |  25.0
    Ossuary |       0 |     567 | 100.0 |       0 |      34 | 100.0
            +---------+---------+-------+---------+---------+-------
